 Dungeon Crawl Stone Soup version 0.31-a0-240-gb923e448b6 (webtiles) character file.

Game seed: 13935099569012031229

94 qw the Shooter (level 4, -2/36 HPs)
             Began as a Minotaur Hexslinger on July 11, 2023.
             Slain by Grinder (4 damage)
             ... while paralysed by Grinder
             ... on level 3 of the Dungeon.
             The game lasted 00:00:40 (1677 turns).

qw the Shooter (Minotaur Hexslinger)                Turns: 1677, Time: 00:00:41

Health: -2/36      AC:  6    Str: 13    XL:     4   Next: 38%
Magic:  4/4        EV:  2    Int: 10    God:
Gold:   104        SH:  0    Dex: 20    Spells: 4/5 levels left

rFire   . . .        Y - +1 sling
rCold   . . .        (no shield)
rNeg    . . .        f - +0 ring mail
rPois   .            (helmet restricted)
rElec   .            h - +0 cloak
rCorr   .            (no gloves)
SInv    .            (no boots)
Will    .....        (no amulet)
Stlth   +            j - +6 ring of dexterity
HPRegen 0.26/turn    (no ring)
MPRegen 0.09/turn

%: no passive effects
@: paralysed
A: horns 2, retaliatory headbutt
a: no special abilities


You were on level 3 of the Dungeon.
You visited 1 branch of the dungeon, and saw 3 of its levels.

You collected 104 gold pieces.


Innate Abilities, Weirdness & Mutations

You have a pair of horns on your head.
You reflexively headbutt those who attack you in melee.


   Skills:
 - Level 2.0 Fighting
 + Level 4.6 Ranged Weapons
 - Level 1.4 Armour
 - Level 2.1 Dodging
 - Level 1.0 Spellcasting
 - Level 2.0 Hexes


You had 4 spell levels left.
You knew the following spells:

 Your Spells              Type           Power      Damage    Failure   Level
a - Slow                  Hex            16%        N/A       32%         1

Your spell library contained the following spells:

 Spells                   Type           Power      Damage    Failure   Level
 Inner Flame              Hex/Fire       2%         N/A       82%         3
 Portal Projectile        Hex/Tloc       4%         N/A       82%         3
 Cause Fear               Hex            2%         N/A       97%         4

Inventory:

Hand Weapons
 Y - a +1 sling (weapon)
Armour
 f - a +0 ring mail (worn)
 h - a +0 cloak (worn)
Jewellery
 g - a ring of fire
 j - a +6 ring of dexterity (left hand)
Potions
 a - a potion of degeneration {unknown}
 d - a potion of attraction {unknown}
 e - a potion of enlightenment
 i - a potion of resistance
 k - a potion of brilliance {unknown}
 l - a potion of might
 n - a potion of curing {unknown}

Dungeon Overview and Level Annotations

Branches:
Dungeon (3/15)

Altars:

Annotations:
D:3 Grinder


Message History

Pain shoots through your body!
You can move again.
You shoot a sling bullet.
The sling bullet closely misses Grinder.
Grinder hits you but does no damage.
You shoot a sling bullet. The sling bullet hits Grinder.
Grinder is moderately wounded.
Grinder barely misses you.
You shoot a sling bullet. The sling bullet hits Grinder!
Grinder is heavily wounded.
Grinder barely misses you. x2
You shoot a sling bullet.
The sling bullet hits Grinder but does no damage.
Grinder is heavily wounded.
Grinder barely misses you.
You shoot a sling bullet. The sling bullet hits Grinder.
Grinder is severely wounded.
Grinder gestures at you.
You barely resist. You shoot a sling bullet.
The sling bullet barely misses Grinder.
Grinder hits you!
Grinder grins, showing sharp teeth.
Grinder hits you but does no damage.
You shoot a sling bullet.
The sling bullet hits Grinder but does no damage.
Grinder is severely wounded.
Grinder says, "Are you a fish?" Grinder barely misses you.
You shoot a sling bullet. The sling bullet hits Grinder.
Grinder is severely wounded.
Grinder blinks!
You start resting.
Grinder is nearby!
You shoot a sling bullet. The sling bullet hits Grinder.
Grinder is severely wounded.
You shoot a sling bullet. The sling bullet hits Grinder.
Grinder is almost dead.
Grinder gestures at you.
You suddenly lose the ability to move!
Grinder hits you!
You writhe in agony.
You die...

##.###
#....### ##
####...###
...
###..%###..#
###>.....##
###........
###...##.####
##...### .#
#@.### # #5##
.... #.##.#
... $. ###
.## ##


You could see Grinder.

Vanquished Creatures
  A gnoll (D:1)
  2 adders (D:2)
  An orc (D:3)
  7 ball pythons
  6 endoplasms
  3 giant cockroaches
  7 goblins
  9 hobgoblins
  2 jackals (D:1)
  3 kobolds (D:1)
  7 quokkas
  2 bats
  2 frilled lizards (D:1)
  3 rats
55 creatures vanquished.

Notes
Turn   | Place    | Note
-------+----------+-------------------------------------------
     0 | D:1      | qw the Minotaur Hexslinger began the quest for the Orb.
     0 | D:1      | Reached XP level 1. HP: 16/16 MP: 1/1
     0 | D:1      | 0 ||| qw: Version: 0.3-a-52-g30416fa
     0 | D:1      | 0 ||| qw: Game counter: 6125
     0 | D:1      | 0 ||| qw: Melee chars always use a shield: true
     0 | D:1      | 0 ||| qw: God list: Okawaru
     0 | D:1      | 0 ||| qw: Allow faded altars: false
     0 | D:1      | 0 ||| qw: Do Orc after clearing Dungeon:15 true
     0 | D:1      | 0 ||| qw: Do second Lair branch before Depths: true
     0 | D:1      | 0 ||| qw: Lair rune preference: random
     0 | D:1      | 0 ||| qw: Goals: Normal
     0 | D:1      | 0 ||| PLANNING D:1-11
    44 | D:1      | Reached skill level 3 in Ranged Weapons
    51 | D:1      | Reached XP level 2. HP: 23/23 MP: 2/2
   446 | D:1      | Reached XP level 3. HP: 29/29 MP: 3/3
   661 | D:1      | Reached skill level 4 in Ranged Weapons
   929 | D:1      | 929 ||| UPGRADING to +0 ring mail.
   939 | D:1      | 939 ||| DROPPING +0 robe.
   940 | D:1      | 940 ||| UPGRADING to +0 cloak.
   945 | D:1      | 945 ||| DRINKING 2 pink potions.
   946 | D:1      | 946 ||| DROPPING scroll of poison.
  1110 | D:2      | Reached skill level 1 in Armour
  1132 | D:2      | Reached XP level 4. HP: 36/36 MP: 4/4
  1539 | D:2      | 1539 ||| UPGRADING to +6 ring of dexterity.
  1540 | D:2      | 1540 ||| READING scroll labelled ESUPPI YCWALEKA.
  1541 | D:2      | 1541 ||| READING scroll labelled UHI DEEFRICS.
  1546 | D:2      | 1546 ||| READING 3 scrolls labelled ILA FEDUTI.
  1547 | D:2      | 1547 ||| DRINKING 2 bubbling blue potions.
  1548 | D:2      | 1548 ||| DRINKING 2 viscous inky potions.
  1549 | D:2      | 1549 ||| DRINKING 2 viscous brown potions.
  1550 | D:2      | 1550 ||| DROPPING 2 scrolls of revelation.
  1653 | D:3      | Noticed Grinder
  1658 | D:3      | HP: 6/36 [Grinder/nerve-wracking pain (4)]
  1659 | D:3      | 1659 ||| DRINKING potion of heal wounds.
  1660 | D:3      | Paralysed by Grinder for 5 turns
  1670 | D:3      | HP: 9/36 [Grinder (8)]
  1677 | D:3      | Paralysed by Grinder for 2 turns
  1677 | D:3      | HP: 2/36 [Grinder (9)]
  1677 | D:3      | Slain by Grinder

Levels and vault maps discovered:
D:1:      scummos_arrival_star, layout_loops_corners
D:2:      layout_basic, feat_on_display
D:3:      layout_rooms, uniq_grinder

Skill      XL: |  1  2  3 |
---------------+----------+-----
Ranged Weapons | 3 4 |  4.6
Fighting       | 2 |  2.0
Armour         | 1 |  1.4
Dodging        | |  2.1
Spellcasting   | |  1.0
Hexes          | |  2.0

Action                     |  1- 3 |  4- 6 || total
---------------------------+-------+-------++-------
   Fire: Sling             |    98 |    55 ||   153
    Use: Potion            |     1 |     4 ||     5
         Scroll            |       |     3 ||     3
 Armour: Robe              |     5 |       ||     5
         Ring mail         |     2 |     9 ||    11
  Dodge: Dodged            |    29 |    13 ||    42

Table legend:
 A = Non-vault XP
 B = Vault XP
 C = Vault XP percentage of total XP
 D = Non-vault monster count
 E = Vault monster count
 F = Vault count percentage of total count
                 A         B        C        D         E       F
            +---------+---------+-------+---------+---------+-------
      Total |     135 |       0 |   0.0 |      55 |       0 |   0.0
            +---------+---------+-------+---------+---------+-------
        D:1 |      72 |       0 |   0.0 |      34 |       0 |   0.0
        D:2 |      51 |       0 |   0.0 |      15 |       0 |   0.0
        D:3 |      12 |       0 |   0.0 |       6 |       0 |   0.0
            +---------+---------+-------+---------+---------+-------
